 Dungeon Crawl Stone Soup version 0.19-a0-630-g098d46c (webtiles) character file.

151 FitzyFitz the Slasher (level 5, -6/33 HPs)
             Began as a Tengu Gladiator on June 13, 2016.
             Killed from afar by an orc wizard (14 damage)
             ... with a puff of frost
             ... on level 3 of the Dungeon on June 14, 2016.
             The game lasted 00:04:20 (2768 turns).

FitzyFitz the Slasher (Tengu Gladiator)             Turns: 2768, Time: 00:04:21

Health: -6/33      AC:  3    Str: 15    XL:     5   Next: 33%
Magic:  15/15      EV: 13    Int:  9    God:
Gold:   86         SH:  0    Dex: 15    Spells: 0 memorised, 4 levels left

rFire  . . .     SeeInvis .     a - +0 long sword
rCold  . . .     Gourm    .     b - +0 leather armour
rNeg   . . .     Faith    .     (no shield)
rPois  .         Spirit   .     c - +0 hat
rElec  .         Dismiss  .     (no cloak)
rCorr  .         Reflect  .     (no gloves)
SustAt .         Harm     .     (boots unavailable)
MR     .....     Rnd*Tele +     (no amulet)
Stlth  +.........               s - ring of magical power
                                l - ring of teleportation (curse)

@: about to teleport, not resistant to hostile enchantments, very unstealthy
A: beak, talons 3, able to fly 1
a: Fly


You were on level 3 of the Dungeon.
You were very hungry.

You visited 1 branch of the dungeon, and saw 3 of its levels.

You collected 86 gold pieces.

Inventory:

Hand Weapons
 a - a +0 long sword (weapon)
 j - a +0 dagger of flaming
 m - a +2 whip of venom
 p - a +0 rapier
Missiles
 d - a throwing net (quivered)
 e - 24 sling bullets
 i - 69 stones
Armour
 b - a +0 leather armour (worn)
 c - a +0 hat (worn)
Jewellery
 l - a cursed ring of teleportation (left hand)
 s - a ring of magical power (right hand)
Potions
 k - a potion of brilliance
Comestibles
 f - a bread ration
 g - a slice of pizza
 q - 4 fruits
 r - a meat ration


   Skills:
 + Level 4.0 Fighting
 + Level 5.0 Long Blades
 - Level 2.0 Throwing
 - Level 3.2 Dodging


You had 4 spell levels left.
You didn't know any spells.

Dungeon Overview and Level Annotations

Branches:
Dungeon (3/15)

Altars:
Sif Muna


Innate Abilities, Weirdness & Mutations

You have a beak for a mouth.
You have claws for feet.
You can fly.


Message History

* * * LOW HITPOINT WARNING * * *
You miss something. You claw something. Something hits you but does no damage.
Something barely misses you.
You closely miss something. You peck something. Something hits you.
* * * LOW HITPOINT WARNING * * *
Okay, then.
Unknown command.
Unknown command.
As you read the scroll of teleportation, it crumbles to dust.
You feel strangely unstable. Something hits you but does no damage.
You slash something!
Reactivating autopickup.
Your Fighting skill increases to level 4!
You feel a bit more experienced.
You barely miss the orc.
You hit the orc wizard but do no damage.
Your peck misses the orc wizard. The orc wizard casts a spell at you.
The puff of frost hits you!
You die...

.. ##.# # # # ...
.#. .##. #.# # #.
#.# #.# ######.# #
###......######
#.#.#.#.#.oo@..(#
....o.....#####(#
#.#.#.#.#.#.# #.#
............# #.#
#.#.#g#.#.### #.#
........# #.#
#S#.#.#.## #.#
..........######.#
#g#.#.#.#.##......#


You could see an orc wizard and an orc.

Vanquished Creatures
  A crimson imp (D:3)
  An orc wizard (D:3)
  4 adders (D:2)
  An ooze (D:2)
  A dart slug (D:2)
  2 orcs (D:3)
  3 giant cockroaches
  6 goblins
  9 hobgoblins
  A ball python (D:1)
  8 bats
  6 giant newts
  4 kobolds
  8 rats
55 creatures vanquished.

Notes
Turn   | Place    | Note
--------------------------------------------------------------
     0 | D:1      | FitzyFitz the Tengu Gladiator began the quest for the Orb.
     0 | D:1      | Reached XP level 1. HP: 12/12 MP: 2/2
     2 | D:1      | Noticed a troll
     2 | D:1      | Noticed a demonspawn
     4 | D:1      | Noticed a draconian
     4 | D:1      | Noticed an ogre
     6 | D:1      | Noticed a vampire
     8 | D:1      | Noticed a felid
     8 | D:1      | Noticed a centaur
    10 | D:1      | Noticed a ghoul
    10 | D:1      | Noticed a dwarf
    12 | D:1      | Noticed a demigod
    14 | D:1      | Noticed a gargoyle
    14 | D:1      | Noticed a tengu
    16 | D:1      | Noticed an elf
    16 | D:1      | Noticed a formicid
    18 | D:1      | Noticed a vine stalker
    18 | D:1      | Noticed a merfolk
    20 | D:1      | Noticed a spriggan
    20 | D:1      | Noticed a halfling
    22 | D:1      | Noticed a naga
    24 | D:1      | Noticed a human
    24 | D:1      | Noticed an octopode
    26 | D:1      | Noticed a minotaur
   295 | D:1      | Reached XP level 2. HP: 4/17 MP: 3/3
   728 | D:1      | Reached skill level 4 in Long Blades
  1090 | D:1      | Reached XP level 3. HP: 21/22 MP: 4/4
  1311 | D:2      | Found a faded altar of an unknown god.
  1494 | D:2      | Reached XP level 4. HP: 18/28 MP: 5/5
  1706 | D:2      | Found a deep blue altar of Sif Muna.
  2428 | D:3      | Gained mutation: You can fly. [Tengu growth]
  2428 | D:3      | Reached XP level 5. HP: 3/33 MP: 6/6
  2434 | D:3      | Reached skill level 5 in Long Blades
  2768 | D:3      | Killed from afar by an orc wizard

Vault maps used:
D:1:      kb_arrival_jail, minmay_misc_feat_columns, kennysheep_nondescript,
          hangedman_feature_mirror
D:2:      old_standard_altar, ecumenical_altar_1
D:3:      st_stairs_11, grunt_ministairs_9, fedhas_altar_fruit_tree

Skill      XL: |  1  2  3  4  5 |
---------------+----------------+-----
Long Blades    | 4 5 |  5.0
Fighting       | 3 4 |  4.0
Throwing       | |  2.0
Dodging        | |  3.2

Action                   |  1- 3 |  4- 6 || total
-------------------------+-------+-------++-------
Melee: Long sword        |    85 |   115 ||   200
       Peck              |    13 |    13 ||    26
       Kick              |    13 |    30 ||    43
Throw: Throwing net      |     3 |     3 ||     6
  Use: Scroll            |     2 |     3 ||     5
       Potion            |       |     3 ||     3
 Stab: Sleeping          |       |     1 ||     1
  Eat: Chunk             |     2 |     3 ||     5
Armor: Leather armour    |    25 |    20 ||    45
Dodge: Dodged            |    67 |    75 ||   142
